 Dungeon Crawl Stone Soup version 0.29-a0-643-ga013cefcf8 (webtiles) character file.

Game seed: 7137226930323440651

51 chunkyMonkey the Shield-Bearer (level 4, -10/17 (40) HPs)
             Began as a Meteoran Fighter on June 19, 2022.
             Mangled by Crazy Yiuf
             ... wielding a +2 quarterstaff of chaos
              (15 damage)
             ... on level 2 of the Dungeon.
             The game lasted 00:03:00 (1480 turns).

chunkyMonkey the Shield-Bearer (Meteoran Fighter)   Turns: 1480, Time: 00:03:00

HP:   -10/17 (40)   AC:  8    Str: 20    XL:     4   Next: 27%
MP:   6/6           EV:  9    Int:  9    God:
Gold: 71            SH:  5    Dex: 13    Spells: 5/5 levels left

rFire   . . .      SeeInvis .   a - +0 war axe
rCold   . . .      Faith    .   c - +0 buckler
rNeg    . . .      Spirit   .   b - +0 scale mail
rPois   .          Reflect  .   (no helmet)
rElec   .          Harm     .   (no cloak)
rCorr   .          Rampage  .   f - +0 pair of gloves
Will    .....                   (no boots)
Stlth   ..........              (no amulet)
HPRegen 0.05/turn               (no ring)
MPRegen 0.10/turn               (no ring)

@: lethally poisoned (-10 -> -19), glowing, extremely drained, bezotted
A: sense surroundings 1, otherworldly, glowing, explore regen
a: no special abilities


You were on level 2 of the Dungeon.
You visited 1 branch of the dungeon, and saw 2 of its levels.

You collected 71 gold pieces.

Inventory:

Hand Weapons
 a - a +0 war axe (weapon)
 h - a +1 dagger of venom
Armour
 b - a +0 scale mail (worn)
 c - a +0 buckler (worn)
 f - a +0 pair of gloves (worn)
Scrolls
 e - 2 scrolls of identify {unknown}
 g - a scroll of noise {unknown}
 i - a scroll of silence {unknown}
 k - a scroll of teleportation {unknown}
 m - 2 scrolls of vulnerability {unknown}
 n - a scroll of poison {unknown}
 o - a scroll of magic mapping {unknown}
Potions
 d - a potion of might
 j - a potion of degeneration {unknown}
 l - a potion of curing {unknown}


   Skills:
 * Level 3.6 Fighting
 * Level 3.1 Axes
 * Level 4.1 Armour
 + Level 0.8 Dodging
 * Level 4.2 Shields
 + Level 1.0 Spellcasting


You had 5 spell levels left.
You didn't know any spells.
Your spell library was empty.

Dungeon Overview and Level Annotations

Branches:
Dungeon (2/15) Zot: 95

Altars:

Annotations:
D:2 Crazy Yiuf


Innate Abilities, Weirdness & Mutations

You passively map a small area around you.
You are easily found by Zot.
You glow in the dark.
You regain HP and MP as you explore.


Message History

The worm bites you.
You slash the worm!
You kill the worm!
Your Spellcasting skill increases to level 1!
You see here a worm corpse.
Found a scroll labelled WEHU BULITHRUHY.
Found a scroll labelled DIHAPTO ISAFO.
m - 2 scrolls labelled WEHU BULITHRUHY (gained 1)
There are no items here.
Found a stone staircase leading up.
o - a scroll labelled DIHAPTO ISAFO
There are no items here.
You enter the shallow water.
Moving in this stuff is going to be slow.
HP restored.
You have lingered too long.
Zot senses you.
Dive deeper or flee this branch before you suffer!
You now have 71 gold pieces (gained 1).
Zot draws nearer.
Dive deeper or flee this branch before you suffer!
Found 5 stones.
Unknown command.
You see here 5 stones.
Zot has nearly found you.
Suffering is approaching.
Descend or flee this branch!
Found an escape hatch in the ceiling.
Zot's power touches on you...
You feel drained.
There is an escape hatch in the ceiling here.
You see here a +0 whip.
You see here a +0 mace.
Found two maces.
Found a runed translucent door.
Crazy Yiuf shouts!
You have lingered too long.
Zot senses you.
Dive deeper or flee this branch before you suffer!
Found three maces.
You open the door. You barely miss Crazy Yiuf.
Crazy Yiuf hits you with a +2 quarterstaff of chaos!
Ouch! That really hurt!
You are lethally poisoned!
Crazy Yiuf hits you with a +2 quarterstaff of chaos.
* * * LOW HITPOINT WARNING * * *
You are electrocuted!
Ouch! That really hurt!
You die...

#
#.....###.....#.............#
#
#...........................#
#
#....####......###.####.....#
####....# ######## ###
#.....# .....##.# #.....#
#######.####### #.....# #
#........#.###* ### ###.....#
# #........)#..##)))#
#.#####.#
####........####@g...# #.#
#.# ...........## ###).)# #.#
#.# ........#### *### #.##
#.# ........# #..# #.#
.....#### ##.## #.## .....#
######## #..# #.#. .....#
#......# ##.###.#.
.....####......# #..##.#.
.....#.........#########
##.##.#.


You could see Crazy Yiuf.

Vanquished Creatures
  Robin (D:2)
  A worm (D:2)
  A dart slug (D:1)
  A ball python (D:1)
  A bat (D:1)
  4 endoplasms
  A giant cockroach (D:1)
  8 goblins
  5 hobgoblins (D:2)
  4 kobolds
  4 rats
31 creatures vanquished.

Notes
Turn   | Place    | Note
-------+----------+-------------------------------------------
     0 | D:1      | chunkyMonkey the Meteoran Fighter began the quest for the
                  | Orb.
     0 | D:1      | Reached XP level 1. HP: 19/19 MP: 2/2
   246 | D:1      | Reached XP level 2. HP: 21/26 MP: 3/3
   491 | D:1      | Glimpsed the power of Zot.
   496 | D:1      | Reached XP level 3. HP: 26/31 MP: 4/4
   541 | D:1      | Glimpsed the power of Zot.
   581 | D:1      | Glimpsed the power of Zot.
   590 | D:1      | Glimpsed the power of Zot.
   591 | D:1      | Touched by the power of Zot.
   599 | D:1      | Found a faded altar of an unknown god.
   706 | D:2      | Noticed Robin
   715 | D:2      | Killed Robin
   716 | D:2      | Reached XP level 4. HP: 12/28 MP: 6/6
  1154 | D:2      | Reached skill level 1 in Spellcasting
  1276 | D:2      | Glimpsed the power of Zot.
  1326 | D:2      | Glimpsed the power of Zot.
  1366 | D:2      | Glimpsed the power of Zot.
  1375 | D:2      | Glimpsed the power of Zot.
  1376 | D:2      | Touched by the power of Zot.
  1475 | D:2      | Found a runed translucent door.
  1476 | D:2      | Noticed Crazy Yiuf
  1477 | D:2      | Glimpsed the power of Zot.
  1480 | D:2      | Mangled by Crazy Yiuf

Illustrated notes

Levels and vault maps discovered:
D:1:      dpeg_arrival_water_altar, layout_loops_ring,
          dilly_ecumenical_altar_fadedgnrine
D:2:      layout_basic, minivault_4, uniq_robin, uniq_crazy_yiuf_cottage

Skill      XL: |  1  2  3  4 |
---------------+-------------+-----
Shields        | 4 |  4.2
Axes           | 3 |  3.1
Armour         | 4 |  4.1
Spellcasting   | 1 |  1.0
Fighting       | |  3.6
Dodging        | |  0.8

Action                   |  1- 3 |  4- 6 || total
-------------------------+-------+-------++-------
Melee: War axe           |    39 |    23 ||    62
Armor: Scale mail        |    26 |     7 ||    33
Dodge: Dodged            |    18 |     5 ||    23
Block: Buckler           |     9 |     3 ||    12

Table legend: (Time is in decaauts)
 A = Elapsed time spent in this place.
 B = Non-inter-level travel time spent in this place.
 C = Inter-level travel time spent in this place.
 D = Time resting spent in this place.
 E = Time spent auto-exploring this place.
 F = Levels seen in this place.
 G = Mean time per level.
                   A        B        C        D        E       F      G
               +--------+--------+--------+--------+--------+-----+--------+
         Total |   1504 |   1455 |     49 |      0 |    925 |   2 |  752.0 |
       Dungeon |   1504 |   1455 |     49 |      0 |    925 |   2 |  752.0 |
               +--------+--------+--------+--------+--------+-----+--------+

Top non-repeatable levels by time:
     D:2: 845 daAuts
     D:1: 658 daAuts
